AoeStats
← brunol1901

Nomad

507110452Analyzed
4v4 RM · 16d ago on Sep 16, 2026· 21m 29s· 8 players
Game mode
Random Map
Map size
231×231
Population
200
Speed
Normal
Resources
Standard
Victory
Conquest
Starting age
Dark Age
Ending age
Imperial Age
RankedLock teamsTeams togetherTeam positionsShared explorationLock speedFull tech treeHidden civsTurbo modeCheats
Victory
Defeat
🇨🇳 Hindustanis · China
1564
+14
🇺🇾 Shu · Uruguay
1543
+14
🇧🇷 Saracens · Brazil
1514
+16
1461
+17
🇩🇪 Koreans · Germany
1542
-17
🇨🇭 Huns · Switzerland
1522
-16
🇩🇪 Poles · Germany
1508
-15
🇵🇰 Mongols · Pakistan
1457
-13
F1NBLOO
10:42 Loom
12:48 Feudal Age
13:30 Double-Bit Axe
13:34 Town Watch
15:26 Town Watch
20:44 Castle Age
19:44 Fletching
20:48 Padded Archer Armor
EatEaty
5:00 Loom
13:02 Feudal Age
16:43 Double-Bit Axe
19:01 Castle Age
17:25 Fishing Lines
18:07 Horse Collar
19:37 Gillnets
20:02 Bow Saw
21:10 Horse Collar
Kümmelbrot OP
4:36 Loom
11:09 Feudal Age
Horizon
5:17 Loom
13:16 Feudal Age
16:50 Castle Age
15:21 Double-Bit Axe
15:36 Fishing Lines
16:49 Fletching
17:49 Bow Saw
18:30 Horse Collar
21:00 Bodkin Arrow
我放了个屁她顺风追了
4:04 Loom
12:56 Feudal Age
17:23 Castle Age
16:31 Fletching
16:50 Stone Mining
16:52 Gold Mining
17:32 Double-Bit Axe
19:50 Bow Saw
Long-Long-Way
12:20 Feudal Age
13:16 Double-Bit Axe
16:06 Loom
16:43 Forging
brunol1901
4:58 Loom
12:41 Feudal Age
17:09 Castle Age
15:32 Double-Bit Axe
17:37 Town Watch
18:07 Bow Saw
19:08 Wheelbarrow
22:10 Forging
FMG | Sawasha Takohida
13:20 Feudal Age
16:57 Castle Age
15:17 Double-Bit Axe
18:01 Loom
18:34 Bow Saw
19:56 Horse Collar
Connection lost

Rejoining the realm…

Still unreachable

The connection could not be restored.

Session expired

The server has moved on; the page needs a fresh start.